 Dungeon Crawl Stone Soup version 0.21.1-1-g345015fe64 (webtiles) character file.

56 Lentor the Ducker (level 3, -2/25 HPs)
             Began as a Felid Berserker on June 9, 2018.
             Was a Believer of Trog.
             Slain by a goblin (5 damage)
             ... led by Robin
             ... on level 2 of the Dungeon.
             The game lasted 00:01:59 (673 turns).

Lentor the Ducker (Felid Berserker)                  Turns: 673, Time: 00:01:59

Health: -2/25      AC:  1    Str: 19    XL:     3   Next: 71%
Magic:  4/4        EV: 20    Int:  8    God:    Trog [**....]
Gold:   87         SH:  0    Dex: 15    Spells: 2/2 levels left
                                        Lives:  0   Deaths: 0

rFire    . . .     SeeInvis +     - Unarmed
rCold    . . .     Gourm    .   (shield unavailable)
rNeg     . . .     Faith    .   (armour unavailable)
rPois    .         Spirit   .   (helmet unavailable)
rElec    .         Reflect  .   (cloak unavailable)
rCorr    .         Harm     .   (gloves unavailable)
MR       .....                  (boots unavailable)
Stlth    ..........             (no amulet)
HPRegen  0.08/turn              (no ring)
MPRegen  0.09/turn              (no ring)

@: berserking, very quick
A: very small, no armour, no weapons or thrown items, stealth, claws 1, fangs 3,
see invisible, carnivore, speed 1, shaggy fur 1, slow metabolism 1, sharp paws
a: Berserk, Trog's Hand, Burn Spellbooks, Renounce Religion


You were on level 2 of the Dungeon.
You worshipped Trog.
Trog was pleased with you.
You were not hungry.

You visited 1 branch of the dungeon, and saw 2 of its levels.

You collected 87 gold pieces.

Inventory:

Scrolls
 b - a scroll of teleportation {unknown}
 c - 2 scrolls of remove curse {unknown}
 e - a scroll of random uselessness {unknown}
 f - a scroll of identify {unknown}
Potions
 d - 2 potions of curing {unknown}
Comestibles
 a - 2 rations


   Skills:
 + Level 3.4 Fighting
 + Level 5.1 Dodging
 + Level 0.7 Stealth
 + Level 3.5 Unarmed Combat


You had 2 spell levels left.
You didn't know any spells.

Dungeon Overview and Level Annotations

Branches:
Dungeon (2/15)

Altars:
Dithmenos

Annotations:
D:2 Robin


Innate Abilities, Weirdness & Mutations

You cannot wear armour.
You are incapable of wielding weapons or throwing items.
Your paws allow you to move quietly. (Stealth)
You have sharp claws.
You have razor-sharp teeth.
You have supernaturally acute eyesight. (SInv)
You are carnivorous and can eat meat at any time.
You cover ground quickly.
You are covered in fur. (AC +1)
You have a slow metabolism.
Your sharp claws are effective at attacking unaware monsters.


Message History

You barely miss Robin. Robin closely misses you. The goblin misses you.
You scratch Robin but do no damage. Robin hits you with a dagger.
The goblin hits you with a dagger.
* * * LOW HITPOINT WARNING * * *
You are too injured to fight recklessly!
You are too injured to fight recklessly!
You are too injured to fight recklessly!
You are too injured to fight recklessly!
You are too injured to fight recklessly!
You barely miss the goblin.
A red film seems to cover your vision as you go berserk!
You feel yourself moving faster!
You feel mighty!
You feel quite a bit more hungry. Robin hits you with a dagger.
* * * LOW HITPOINT WARNING * * *
The goblin barely misses you.
You closely miss the goblin. Robin throws the goblin at you!
* * * LOW HITPOINT WARNING * * *
The goblin completely misses you.
You closely miss the goblin. The goblin hits you.
You die...

## .. .# .# .#
####### .# #.#
...>..g#§#.....
#####@g§#
#..#§#g#§#
#..§§.§§§ ..#
#..#§#§#.# ..#
#...#.§.## ..#
##....#.#.# ..# #
#.......#.###..##.#
##......#..........
#####.......).....#


You could see Robin and 2 goblins.

Vanquished Creatures
  A gnoll (D:1)
  4 dart slugs (D:1)
  A leopard gecko (D:1)
  5 hobgoblins (D:1)
  4 jackals (D:1)
  2 bats (D:1)
  A frilled lizard (D:1)
  12 goblins
  2 kobolds (D:1)
  2 rats (D:1)
34 creatures vanquished.

Notes
Turn   | Place    | Note
-------+----------+-------------------------------------------
     0 | D:1      | Lentor the Felid Berserker began the quest for the Orb.
     0 | D:1      | Reached XP level 1. HP: 10/10 MP: 2/2
   121 | D:1      | Reached XP level 2. HP: 12/14 MP: 3/3
   364 | D:1      | Reached XP level 3. HP: 17/17 MP: 4/4
   432 | D:1      | Reached skill level 5 in Dodging
   444 | D:1      | Reached ** piety under Trog
   634 | D:2      | Found a shadowy altar of Dithmenos.
   660 | D:2      | Noticed Robin
   673 | D:2      | Slain by a goblin

Skill      XL: |  1  2  3 |
---------------+----------+-----
Dodging        | 5 |  5.1
Fighting       | |  3.4
Stealth        | |  0.7
Unarmed Combat | |  3.5

Action                   || total
-------------------------++-------
Melee: Unarmed           ||    86
       Bite              ||     8
       Punch             ||     3
Invok: Berserk           ||     1
 Stab: Sleeping          ||     1
Armor: Skin              ||     2
Dodge: Dodged            ||    67
